 Dungeon Crawl Stone Soup version 0.22-a0-608-g8a62e23 (webtiles) character file.

241 kae the Ruffian (level 5, -2/66 HPs)
             Began as a Draconian Transmuter on July 9, 2018.
             Slain by an orc priest
             ... wielding a +0 flail
              (7 damage)
             ... on level 3 of the Dungeon.
             The game lasted 00:02:44 (3526 turns).

kae the Ruffian (Draconian Transmuter)              Turns: 3526, Time: 00:02:44

Health: -2/66      AC:  5    Str: 18    XL:     5   Next: 80%
Magic:  7/9        EV: 12    Int: 13    God:
Gold:   89         SH:  0    Dex: 12    Spells: 4/10 levels left

rFire    . . .     SeeInvis .     - Unarmed
rCold    . . .     Gourm    .   (no shield)
rNeg     . . .     Faith    .   (armour unavailable)
rPois    .         Spirit   .   (helmet restricted)
rElec    .         Reflect  .   (no cloak)
rCorr    .         Harm     .   (no gloves)
MR       .....                  (no boots)
Stlth    ..........             (no amulet)
HPRegen  0.21/turn              (no ring)
MPRegen  0.11/turn              (no ring)

@: berserking, very quick
A: unfitting armour, cold-blooded, AC +5
a: no special abilities


You were on level 3 of the Dungeon.
You were very hungry.

You visited 1 branch of the dungeon, and saw 3 of its levels.

You collected 89 gold pieces.

Inventory:

Missiles
 a - 10 arrows
Scrolls
 d - a scroll of teleportation
 i - a scroll of enchant armour
Potions
 b - a potion of ambrosia
 f - a potion of berserk rage
 g - 2 potions of agility {unknown}
 h - a potion of haste {unknown}
 j - a potion of flight {unknown}
 k - a potion of heal wounds {unknown}
 l - a potion of degeneration {unknown}
 m - a potion of curing {unknown}
Comestibles
 c - 3 rations


   Skills:
 + Level 2.9 Fighting
 - Level 1.7 Dodging
 * Level 4.8 Unarmed Combat
 + Level 3.0 Spellcasting
 + Level 3.2 Transmutations


You had 4 spell levels left.
You knew the following spells:

 Your Spells              Type           Power        Failure   Level  Hunger
a - Beastly Appendage     Tmut           ##....       6%          1    #......
b - Sticks to Snakes      Tmut           ##......     9%          2    ###....
c - Spider Form           Tmut/Pois      #.........   34%         3    ###....

Your spell library contained the following spells:

 Spells                   Type           Power        Failure   Level  Hunger
 Blade Hands              Tmut           ##........   86%         5    ######.
 Ice Form                 Ice/Tmut       #.......     75%         4    #####..


Dungeon Overview and Level Annotations

Branches:
Dungeon (3/15)

Altars:
Nemelex Xobeh

Annotations:
D:3 1 runed door


Innate Abilities, Weirdness & Mutations

Your plain brown scales are hard. (AC +5)
You cannot fit into any form of body armour.
You are cold-blooded and may be slowed by cold attacks.


Message History

Beogh smites you!
* * * LOW HITPOINT WARNING * * *
The orc wizard misses you. The orc priest misses you.
Things that are here:
a leather armour; an orc corpse You bite the orc priest!
The orc priest is poisoned.
The orc priest is heavily wounded.
The orc wizard misses you.
It was a potion of cancellation.
Your magical effects are unravelling.
You feel magically purged.
Your transformation has ended.
The orc priest misses you. The orc wizard casts a spell at you.
The puff of flame hits you!
* * * LOW HITPOINT WARNING * * *
A red film seems to cover your vision as you go berserk!
You feel yourself moving faster!
You feel mighty! The orc priest hits you with a flail!
You die...

#..... #####.#### ####
################.........
...#
#..................#.####
##.#
#.##############.#.#.# #
#.# #.# #.......#.#.# #
#.# #.# ##.#######.#.# #
##.######.#
####...#####....# ##
..(..[.##.#
#oo@o........#..# #.
##........#
#.##...#####....# #.
#####.#### #. ##.##
##.#.###. #.# #. #.#
#.#..... #.# #o #.#
#.#..... #.# oo #.#
#.###### #.. .. ... .. #
### ## ..# # .. .


You could see an orc priest, an orc wizard and an orc.

Vanquished Creatures
  A crimson imp (D:2)
  An orc wizard (D:3)
  Natasha (thrice) (D:2)
  Robin (D:2)
  2 adders (D:3)
  An ooze (D:3)
  A worm (D:3)
  A leopard gecko (D:2)
  An orc (D:3)
  3 giant cockroaches
  9 goblins
  12 hobgoblins
  2 jackals (D:2)
  6 kobolds
  3 quokkas
  9 bats
  4 frilled lizards
  10 rats
70 creatures vanquished.

Vanquished Creatures (collateral kills)
  A worm (D:2)
  A bat (D:2)
2 creatures vanquished.

Grand Total: 72 creatures vanquished

Notes
Turn   | Place    | Note
-------+----------+-------------------------------------------
     0 | D:1      | kae the Draconian Transmuter began the quest for the Orb.
     0 | D:1      | Reached XP level 1. HP: 16/16 MP: 3/3
     1 | D:1      | Found a sparkling altar of Nemelex Xobeh.
   623 | D:1      | Reached XP level 2. HP: 23/23 MP: 3/5
   627 | D:1      | Learned a level 2 spell: Sticks to Snakes
   986 | D:2      | Noticed a crimson imp
  1013 | D:2      | Killed a crimson imp
  1013 | D:2      | Reached XP level 3. HP: 23/29 MP: 4/6
  1036 | D:2      | Learned a level 3 spell: Spider Form
  1041 | D:2      | Noticed Robin
  1577 | D:2      | Noticed Natasha
  1835 | D:2      | Killed Natasha
  1835 | D:2      | Reached skill level 4 in Unarmed Combat
  1835 | D:2      | Reached XP level 4. HP: 36/36 MP: 3/7
  2084 | D:2      | Noticed Natasha
  2098 | D:2      | Killed Natasha
  2256 | D:2      | Killed Robin
  2261 | D:2      | Reached XP level 5. HP: 15/42 MP: 3/9
  2568 | D:2      | Noticed Natasha
  2578 | D:2      | Killed Natasha
  3335 | D:3      | Found a runed door.
  3526 | D:3      | Slain by an orc priest

Vault maps used:
D:1:      sevenhm_arrival_forest_fort_small_6
D:2:      uniq_natasha, uniq_robin
D:3:      first_ration, minmay_misc_feat_tiny, uniq_crazy_yiuf_cottage

Skill      XL: |  1  2  3  4  5 |
---------------+----------------+-----
Fighting       | 2 |  2.9
Unarmed Combat | 4 |  4.8
Transmutations | 3 |  3.2
Spellcasting   | 3 |  3.0
Dodging        | |  1.7

Action                   |  1- 3 |  4- 6 || total
-------------------------+-------+-------++-------
Melee: Unarmed           |   121 |   148 ||   269
       Headbutt          |     3 |       ||     3
       Kick              |     2 |     2 ||     4
       Tailslap          |     7 |     9 ||    16
       Punch             |     3 |     1 ||     4
 Cast: Beastly Appendage |     7 |     3 ||    10
       Sticks to Snakes  |     2 |       ||     2
       Spider Form       |     3 |     7 ||    10
  Use: Scroll            |       |     6 ||     6
       Potion            |       |     2 ||     2
 Stab: Sleeping          |       |     3 ||     3
  Eat: Chunk             |     3 |     7 ||    10
Armor: Skin              |    36 |    32 ||    68
Dodge: Dodged            |    96 |   109 ||   205

Table legend:
 A = Spawn XP
 B = Non-spawn XP
 C = Spawn XP percentage of total XP
 D = Spawn monster count
 E = Non-spawn monster count
 F = Spawn count percentage of total count
 G = Total turns spent on level
                    A         B        C        D         E        F      G
               +---------+---------+-------+---------+---------+-------+---------
         Total |       0 |     345 |   0.0 |       0 |      72 |   0.0 |  3526
               +---------+---------+-------+---------+---------+-------+---------
           D:1 |       0 |      16 |   0.0 |       0 |      11 |   0.0 |  1139
           D:2 |       0 |     231 |   0.0 |       0 |      45 |   0.0 |  1745
           D:3 |       0 |      98 |   0.0 |       0 |      16 |   0.0 |   642
               +---------+---------+-------+---------+---------+-------+---------
